Unix NetHack Version 5.0.0-0 post-release - last build Jun 10 2026 00:39:30 (3ee93aec679c4c4259841fe613dc97188e26a321,branch:main).

Game began 2026-06-16 20:24:37, ended 2026-06-16 21:11:48.

Brudee, chaotic female human Rogue

            .--
           ...---  |..
          |.....----...
          |..........---------------
          --..............^........---
          --.....--.--------------...----
          |...........|          ---..|.--        --
          --....--..|.|            --....|--------...
           ---*--|.--.--            ---..|..[.)).<.-
             --- |.|...|              --......------
                   |...|---           ....|..--
                   ---.--.---  -..    ...-|..|
                     |..(...----...    ---
                     --......||....|
                      |......--S%.-
                      ---.-....@---
                        |......--
                          ------
Brudee the Rogue        St:12 Dx:18 Co:11 In:13 Wi:10 Ch:11  Chaotic S:2290
Dlvl:7  $:128 HP:0(45) Pw:30(30) AC:3  Xp:6/463 T:2608  Burdened

Latest messages:
 Ulch!  That potion tasted foul!
 Call a brown potion: restore ability
 You see here 6 rocks.
 You hit the gnome.
 The gnome hits!
 You kill the gnome!
 You see here a brass lantern.
 The gnome misses!
 You hit the gnome.
 You hit the gnome.
 The gnome hits!
 You kill the gnome!
 The gnome hits!
 You hit the gnome.
 The gnome throws a dart!
 The dart hits the gnome.
 You hit the gnome.
 The gnome misses!
 You kill the gnome!
 You hit the gnome.
 The gnome hits!
 You hit the gnome.
 The gnome hits!
 The gnome misses!
 You kill the gnome!
 The snake bites!
 The snake bites!
 The snake misses!
 The snake bites!
 You miss the snake.
 The snake bites!
 You miss the snake.
 The snake bites!
 You hit the snake.
 The snake just misses!
 The snake bites!
 The snake just misses!
 You hit the snake.
 The snake bites!
 You hit the snake!
 The snake misses!
 You miss the snake.
 The snake bites!
 The snake misses!
 You hit the snake.
 The snake bites!
 The snake bites!
 You die...
 Do you want your possessions identified? [ynq] (y) y
 Do you want to see your attributes? [ynq] (y) q

Inventory:
 Coins    ('$')
  $ - 128 gold pieces
 Weapons  (')')
  l - 12 cursed -2 darts
  x - 7 +0 daggers (at the ready)
  G - the +0 Sting (weapon in right hand)
  b - a +0 short sword
 Armor    ('[')
  r - an uncursed +1 dwarvish iron helm
  s - an uncursed +0 orcish helm (being worn)
  B - an uncursed +0 pair of kicking boots (being worn)
  t - a cursed -1 dwarvish mithril-coat (being worn)
 Comestibles  ('%')
  k - 3 uncursed food rations
  W - an uncursed tin of french fried gecko meat
 Potions  ('!')
  u - an uncursed potion of gain ability
  p - a cursed potion of paralysis
 Tools    ('(')
  i - an uncursed bag of holding containing 5 items
  f - an empty uncursed sack
  M - an uncursed brass lantern (lit)
  Q - a can of grease (0:13)
  e - an uncursed lock pick
  a - an uncursed magic whistle
  n - an uncursed partly used wax candle (lit)
  N - an uncursed wax candle
  y - 6 cursed wax candles
 Gems/Stones  ('*')
  D - an uncursed jet stone
  q - an uncursed worthless piece of blue glass

Contents of the bag of holding:
  an uncursed scroll of enchant armor
  an uncursed scroll of enchant weapon
  2 blessed scrolls of identify
  an uncursed scroll of teleportation
  2 potions of holy water

Brudee the Rogue's attributes:

Background:
 You were a Rogue, level 6 female human.
 You were chaotic, on a mission for Kos
 who was opposed by Issek (lawful) and Mog (neutral).
 You were right-handed.
 You were in the Gnomish Mines, on level 7.
 You entered the dungeon 2608 turns ago.
 There was a new moon in effect when your adventure ended.
 You had 463 experience points, 177 more were needed to attain level 7.
 Your score was 2290 before end-of-game adjustments.

Basics:
 You had 0 out of 45 hit points.
 You had all 30 energy points (spell power).
 Your armor class was 3.
 Your wallet contained 128 zorkmids.
 Autopickup was on for '$!=+?/"' plus thrown.

Final Characteristics:
 Your strength was 12 (limit:18/100).
 Your dexterity was 18 (limit:18).
 Your constitution was 11 (limit:18).
 Your intelligence was 13 (limit:18).
 Your wisdom was 10 (limit:18).
 Your charisma was 11 (limit:18).

Final Status:
 You weren't hungry.
 You were burdened; movement was slightly slowed.
 You were wielding a dagger.
 You had basic skill with dagger and could have enhanced that.

Final Attributes:
 You were piously aligned.
 You were aware of the presence of orcs.
 You were stealthy.
 You were guarded.
 Your spell casting was impaired by metallic armor.
 You are dead.

Miscellaneous:
 You didn't encounter any bones levels.
 Total elapsed playing time was 47 minutes and 10 seconds.

Major events:
 Turn
    1: Brudee the chaotic female human Rogue entered the dungeon
  580: entered the Gnomish Mines
  633: attained the rank of Cutpurse (level 3)
 1058: reached Mine Town
 2030: attained the rank of Rogue (level 6)
 2167: chose an elven dagger to be named "Sting"
 2608: killed by a snake

Spells:
 Name                 Level Category     Fail Retention
 teleport away          6   escape       100%  76%-100%

Skills:
 Fighting Skills
   bare handed combat [Unskilled]
   two weapon combat  [Unskilled]
   riding             [Unskilled]
 Weapon Skills
   dagger             [Basic]
   knife              [Unskilled]
   short sword        [Basic]
   broadsword         [Unskilled]
   long sword         [Unskilled]
   two-handed sword   [Unskilled]
   saber              [Unskilled]
   club               [Unskilled]
   mace               [Unskilled]
   morning star       [Unskilled]
   flail              [Unskilled]
   hammer             [Unskilled]
   polearms           [Unskilled]
   spear              [Unskilled]
   crossbow           [Unskilled]
   dart               [Unskilled]
   shuriken           [Unskilled]
 Spellcasting Skills
   divination spells  [Unskilled]
   escape spells      [Unskilled]
   matter spells      [Unskilled]

Voluntary challenges:
 Character rerolling was not enabled.
 You never genocided any monsters.
 You never polymorphed an object.
 You never changed form.
 You used no wishes.
Achievements:
 You entered a shop.
 You entered the Gnomish Mines.
 You attained the rank of Cutpurse.
 You entered Minetown.
 You entered a temple.
 You attained the rank of Rogue.

 The Dungeons of Doom: levels 1 to 3
    Level 1:
    Level 2:
       A general store.
       Stairs down to The Gnomish Mines.
    Level 3:
 The Gnomish Mines: levels 3 to 7
    Level 3:
    Level 5:
       Many shops, a temple and an altar to Kos, some fountains.
    Level 6:
    Level 7: <- You were here.
       Final resting place for
          you, killed by a snake.


Vanquished creatures:
  a leprechaun
  a dingo
  2 human zombies
  a wood nymph
  a fog cloud
  a violet fungus
  3 gnome leaders
  2 gnomish wizards
  a kobold mummy
  a giant ant
  5 dwarves
  6 rothes
 an acid blob
  3 hobbits
  a cave spider
  a brown mold
 24 gnomes
  a gnome zombie
  a gecko
  a jackal
  a kobold
  a goblin
  a sewer rat
  3 grid bugs
  a bat
  2 lichens
  2 kobold zombies
  5 newts
74 creatures vanquished.

No species were genocided or became extinct.

Game over:
                       ----------
                      /          \
                     /    REST    \
                    /      IN      \
                   /     PEACE      \
                  /                  \
                  |      Brudee      |
                  |      128 Au      |
                  |   killed by a    |
                  |      snake       |
                  |                  |
                  |                  |
                  |       2026       |
                 *|     *  *  *      | *
        _________)/\\_//(\/(/\)/\//\/|_)_______

Goodbye Brudee the Rogue...

You died in The Gnomish Mines on dungeon level 7 with 2278 points,
and 128 pieces of gold, after 2608 moves.
You were level 6 with a maximum of 45 hit points when you died.

